 Dungeon Crawl Stone Soup version 0.29.1-12-g30fa7ad0bf (webtiles) character file.

Game seed: 7476102728741339133

88 tkbsonic5 the Magician (level 4, -3/24 HPs)
             Began as a Tengu Hedge Wizard on Jan 14, 2023.
             Slain by a lemure (6 damage)
             ... led by Pikel
             ... on level 4 of the Dungeon.
             The game lasted 00:19:14 (3334 turns).

tkbsonic5 the Magician (Tengu Hedge Wizard)         Turns: 3334, Time: 00:19:14

Health: -3/24      AC:  4    Str: 10    XL:     4   Next: 54%
Magic:  3/10       EV: 11    Int: 17    God:
Gold:   136        SH:  0    Dex: 13    Spells: 0/9 levels left

rFire   . . .      SeeInvis .   f - +0 mace
rCold   . . .      Faith    .   (no shield)
rNeg    . . .      Spirit   .   j - +1 leather armour
rPois   .          Reflect  .   c - +0 hat
rElec   .          Harm     .   (no cloak)
rCorr   .          Rampage  .   (no gloves)
Will    .....                   (boots unavailable)
Stlth   ++........              (no amulet)
HPRegen 0.08/turn               (no ring)
MPRegen 0.12/turn               (no ring)

@: no status effects
A: beak, talons 3
a: no special abilities


You were on level 4 of the Dungeon.
You visited 1 branch of the dungeon, and saw 5 of its levels.

You collected 136 gold pieces.

Inventory:

Hand Weapons
 a - a +0 dagger
 f - a +0 mace (weapon)
Missiles
 e - 6 poisoned darts (quivered)
Armour
 b - a +0 robe
 c - a +0 hat (worn)
 j - a +1 leather armour (worn)
Wands
 d - a wand of digging (5)
Scrolls
 g - a scroll of amnesia
Potions
 h - 2 potions of curing
 k - a potion of berserk rage {unknown}


   Skills:
 * Level 0.8 Fighting
 * Level 0.2 Maces & Flails
 * Level 0.2 Throwing
 - Level 2.1 Dodging
 - Level 2.0 Stealth
 * Level 3.4 Spellcasting
 + Level 3.0 Conjurations
 + Level 0.1 Hexes
 + Level 2.2 Summonings
 + Level 1.3 Translocations
 + Level 1.0 Fire Magic


You couldn't memorise any spells.
You knew the following spells:

 Your Spells              Type           Power      Damage    Failure   Level
a - Magic Dart            Conj           52%        1d5       7%          1
b - Conjure Flame         Conj/Fire      9%         6-21      30%         3
c - Blink                 Tloc           14%        N/A       21%         2
d - Call Imp              Summ           10%        N/A       14%         2
e - Slow                  Hex            12%        N/A       22%         1

Your spell library contained the following spells:

 Spells                   Type           Power      Damage    Failure   Level
 Mephitic Cloud           Conj/Pois/Air  6%         N/A       41%         3


Dungeon Overview and Level Annotations

Branches:
Dungeon (5/15)
 Temple: D:4-7

Altars:
The Shining One

Annotations:
D:4 Pikel


Innate Abilities, Weirdness & Mutations

You have a beak for a mouth.
You have claws for feet.


Message History

Confirm with . or Enter, or press ? or * to list all spells.
Aiming: Slow (safe; 22% risk of failure)
Press: ? - help, Shift-Dir - straight line, f - lemure, p - lemure
Aim: a lemure (chance to affect: 37%)
Okay, then.
Casting: Slow (safe; 22% risk of failure)
Confirm with . or Enter, or press ? or * to list all spells.
Okay, then.
Casting: Slow (safe; 22% risk of failure)
Confirm with . or Enter, or press ? or * to list all spells.
Aiming: Magic Dart (safe; 7% risk of failure)
Press: ? - help, Shift-Dir - straight line, f - lemure, p - lemure
Aim: a lemure (100% to hit)
The magic dart hits the lemure.
The lemure is lightly wounded.
Pikel hits you with a +0 whip of electrocution.
The lemure barely misses you. The lemure hits you but does no damage.
Your crimson imp barely misses Pikel.
Casting: Magic Dart (safe; 7% risk of failure)
Confirm with . or Enter, or press ? or * to list all spells.
Aiming: Magic Dart (safe; 7% risk of failure)
Press: ? - help, Shift-Dir - straight line, f/p - lemure
Aim: a lemure (lightly wounded, 100% to hit)
The magic dart hits the lemure.
The lemure is lightly wounded.
Pikel misses you. The lemure hits you.
* * * LOW HITPOINT WARNING * * *
The lemure barely misses you.
Your crimson imp barely misses Pikel.
Casting: Magic Dart (safe; 7% risk of failure)
Confirm with . or Enter, or press ? or * to list all spells.
Aiming: Magic Dart (safe; 7% risk of failure)
Press: ? - help, Shift-Dir - straight line, f/p - lemure
Aim: a lemure (lightly wounded, 100% to hit)
The magic dart hits the lemure but does no damage.
The lemure is lightly wounded.
You feel stable enough to blink again. Pikel completely misses you.
The lemure hits you.
* * * LOW HITPOINT WARNING * * *
The lemure hits you.
You die...

#######.##.##########
..g.........W.g5.>..#
..#####..#.######.#.#
..######.#.# #.# #
......##..## ######
......########_##
......# #.....
......# #♣.55♣#
......# #..5K@#
.....## #♣.55♣#
.....# #####'# .....#
#.....# ######
###..##### #........#
#..>.....# +........#
#........#


You could see Pikel (ally target), 4 lemures and a friendly crimson imp
(summoned).

Vanquished Creatures
  2 gnolls (D:2)
  An adder (D:4)
  A worm (D:2)
  A dart slug (D:1)
  An endoplasm (D:1)
  2 giant cockroaches
  4 goblins
  4 hobgoblins
  2 quokkas
  3 ball pythons
  A bat (D:1)
  3 frilled lizards
  3 kobolds
  A rat (D:2)
29 creatures vanquished.

Vanquished Creatures (collateral kills)
  A gnoll (D:2)
  An adder (D:4)
  2 ball pythons
  A bat (D:1)
  An endoplasm (D:2)
  A frilled lizard (D:1)
7 creatures vanquished.

Grand Total: 36 creatures vanquished

Notes
Turn   | Place    | Note
-------+----------+-------------------------------------------
     0 | D:1      | tkbsonic5 the Tengu Hedge Wizard began the quest for the
                  | Orb.
     0 | D:1      | Reached XP level 1. HP: 10/10 MP: 5/5
     2 | D:1      | Learned a level 1 spell: Slow
   454 | D:1      | Reached XP level 2. HP: 15/15 MP: 5/7
   457 | D:1      | Learned a level 2 spell: Blink
   460 | D:1      | Learned a level 2 spell: Call Imp
   666 | D:1      | Reached skill level 1 in Translocations
   894 | D:1      | Found a faded altar of an unknown god.
  1389 | D:2      | Reached XP level 3. HP: 20/20 MP: 6/8
  1395 | D:2      | Learned a level 3 spell: Conjure Flame
  2438 | D:2      | Reached XP level 4. HP: 24/24 MP: 8/10
  2653 | D:2      | Reached skill level 1 in Fire Magic
  2937 | D:4      | Noticed a phantom
  2965 | D:5      | Entered Level 5 of the Dungeon
  3120 | D:5      | Learned a level 1 spell: Slow
  3231 | D:5      | Noticed an ogre
  3328 | D:4      | Found a glowing golden altar of the Shining One.
  3328 | D:4      | Noticed Pikel
  3328 | D:4      | Noticed a lemure
  3328 | D:4      | Noticed a lemure
  3328 | D:4      | Noticed a lemure
  3328 | D:4      | Noticed a lemure
  3334 | D:4      | Slain by a lemure

Illustrated notes

Levels and vault maps discovered:
D:1:      dpeg_arrival_shelter, layout_basic,
          dreamdust_ecumenical_altar_statues, dk_noncrumbling_3,
          minmay_heptomino_o4
D:2:      layout_loops_ring
D:3:      minmay_recursive_quarters, layout_loops_cross,
          kiku_gazebo_pond_becter, mainiacjoe_overflow_alcove_4
D:4:      layout_basic, tso_altar, grunt_decor_junction, uniq_pikel
D:5:      layout_loops_ring, kennysheep_little_box, portal_sewer_entry_a

Skill      XL: |  1  2  3  4 |
---------------+-------------+-----
Conjurations   | 2 3 |  3.0
Translocations | 1 |  1.3
Summonings     | 2 |  2.2
Fire Magic     | 1 |  1.0
Fighting       | |  0.8
Maces & Flails | |  0.2
Throwing       | |  0.2
Dodging        | |  2.1
Stealth        | |  2.0
Spellcasting   | |  3.4
Hexes          | |  0.1

Action                   |  1- 3 |  4- 6 || total
-------------------------+-------+-------++-------
Melee: Dagger            |     3 |       ||     3
       Kick              |     4 |       ||     4
       Peck              |     1 |       ||     1
       Mace              |    10 |     1 ||    11
Throw: Dart              |       |     2 ||     2
 Cast: Magic Dart        |    61 |    14 ||    75
       Slow              |     3 |       ||     3
       Call Imp          |    14 |     7 ||    21
       Blink             |     1 |     4 ||     5
       Conjure Flame     |     1 |       ||     1
  Use: Potion            |     1 |     1 ||     2
       Scroll            |     2 |     3 ||     5
Armor: Robe              |     8 |       ||     8
       Leather armour    |       |     6 ||     6
Dodge: Dodged            |    21 |    13 ||    34
